 Dungeon Crawl Stone Soup version 0.26.0-16-gc1dbca0489 (webtiles) character file.

Game seed: 1266911365507032125

201 BOMJPIETVODKU the Chopper (level 5, -4/47 HPs)
             Began as a Hill Orc Fighter on Jan 17, 2021.
             Killed by divine providence
             ... invoked by an orc priest
              (15 damage)
             ... on level 3 of the Dungeon.
             The game lasted 00:08:46 (2565 turns).

BOMJPIETVODKU the Chopper (Hill Orc Fighter)        Turns: 2565, Time: 00:08:47

Health: -4/47      AC:  9    Str: 18 (20) XL:     5   Next: 79%
Magic:  5/5        EV:  7    Int:  7 (8)  God:
Gold:   100        SH:  9    Dex:  8 (10) Spells: 4/4 levels left

rFire    . . .     SeeInvis .   a - +0 war axe
rCold    . . .     Faith    .   c - +0 kite shield
rNeg     . . .     Spirit   .   b - +0 scale mail
rPois    .         Reflect  .   h - +0 helmet
rElec    .         Harm     .   (no cloak)
rCorr    .         Rampage  .   g - +0 pair of gloves
Will     .....                  (no boots)
Stlth    ..........             (no amulet)
HPRegen  0.15/turn              (no ring)
MPRegen  0.09/turn              (no ring)

@: no status effects
A: no striking features
a: Convert to Beogh


You were on level 3 of the Dungeon.
You visited 1 branch of the dungeon, and saw 3 of its levels.

You collected 100 gold pieces.

Inventory:

Hand Weapons
 a - a +0 war axe (weapon)
Armour
 b - a +0 scale mail (worn)
 c - a +0 kite shield (worn)
 g - a +0 pair of gloves (worn)
 h - a +0 helmet (worn)
 p - a +1 leather armour of cold resistance
Wands
 q - a wand of flame (13)
 r - a wand of random effects (5)
Scrolls
 l - a scroll of enchant armour {unknown}
 m - 2 scrolls of remove curse {unknown}
 n - a scroll of identify {unknown}
 o - 2 scrolls of teleportation {unknown}
Potions
 d - a potion of might
 e - 2 potions of degeneration
 f - a potion of attraction {unknown}
 i - 2 potions of cancellation {unknown}
 j - a potion of curing {unknown}
 k - a potion of ambrosia {unknown}


   Skills:
 * Level 4.5 Fighting
 + Level 5.6 Axes
 + Level 3.8 Armour
 - Level 0.2 Dodging
 + Level 4.0 Shields
 * Level 1.0 Evocations


You had 4 spell levels left.
You didn't know any spells.
Your spell library was empty.

Dungeon Overview and Level Annotations

Branches:
Dungeon (3/15)

Altars:


Message History

A goblin comes into view. It is wielding a +0 club.
The goblin shouts!
The orc priest invokes the aid of Beogh against you.
Beogh smites you!
The orc priest mumbles some strange prayers to Beogh against you.
Beogh smites you!
Things that are here:
a +0 mace; a +0 leather armour The orc priest looks braver for a moment.
Things that are here:
a +0 falchion; an orc skeleton
Items here: ( ))) [[ รทรท.
The orc priest calls down the wrath of Beogh upon you.
Beogh smites you!
* * * LOW HITPOINT WARNING * * *
You see here a stone.
You see here a leopard gecko corpse.
The orc priest calls down the wrath of Beogh upon you.
Beogh smites you!
You die...

#.#..(..####.....##
#.##...## #.###.##
#.###.## #.# #...
####.##### #.###.##
#.......# #.....#
#.......# ###.###
#.......# #.....
#.......# #.....
#....@..# #....#
#.......# #...##
#.......# #...#
#######.# ....# #.#
..... #o# ### #.#
##.####.# #.......#


You could see an orc priest.

Vanquished Creatures
  A scorpion (D:3)
  An orc priest (D:3)
  Ijyb (D:3)
  An adder (D:3)
  2 worms (D:2)
  4 leopard geckos
  7 orcs (D:3)
  2 ball pythons (D:2)
  4 giant cockroaches
  8 goblins
  7 hobgoblins
  6 jackals (D:2)
  8 kobolds
  6 bats
  A frilled lizard (D:2)
  8 rats
67 creatures vanquished.

Notes
Turn   | Place    | Note
-------+----------+-------------------------------------------
     0 | D:1      | BOMJPIETVODKU the Hill Orc Fighter began the quest for the
                  | Orb.
     0 | D:1      | Reached XP level 1. HP: 19/19 MP: 1/1
   120 | D:1      | Reached skill level 3 in Axes
   129 | D:1      | Reached XP level 2. HP: 27/27 MP: 2/2
   386 | D:1      | Reached XP level 3. HP: 29/33 MP: 3/3
  1272 | D:2      | Reached skill level 4 in Axes
  1276 | D:2      | Reached XP level 4. HP: 40/40 MP: 4/4
  2065 | D:3      | Noticed Ijyb
  2073 | D:3      | Killed Ijyb
  2074 | D:3      | Reached skill level 5 in Axes
  2153 | D:3      | Reached XP level 5. HP: 45/46 MP: 5/5
  2343 | D:3      | Reached skill level 1 in Evocations
  2565 | D:3      | Killed from afar by an orc priest

Illustrated notes

Levels and vault maps discovered:
D:1:      dpeg_arrival_prison, layout_loops_ring, skrybe_limestone_x,
          chequers_serial_rivers_micro_d
D:2:      layout_basic, hangedman_decor_lopped, kennysheep_minor_cross
D:3:      layout_loops_ring, gammafunk_ghost_necromancy, minmay_crystal_room,
          hangedman_decor_growths, uniq_terence, uniq_ijyb

Skill      XL: |  1  2  3  4  5 |
---------------+----------------+-----
Axes           | 3 4 5 |  5.6
Fighting       | 4 |  4.5
Shields        | 4 |  4.0
Evocations     | 1 |  1.0
Armour         | |  3.8
Dodging        | |  0.2

Action                   |  1- 3 |  4- 6 || total
-------------------------+-------+-------++-------
Melee: War axe           |   122 |    83 ||   205
  Use: Potion            |       |     2 ||     2
Armor: Scale mail        |    75 |    30 ||   105
Dodge: Dodged            |    60 |    17 ||    77
Block: Kite shield       |    71 |    32 ||   103
